 Dungeon Crawl Stone Soup version 0.30.1 (webtiles) character file.

Game seed: 1776926938537939510

113357 Pepete the Tortoise (level 17, -5/94 HPs)
             Began as a Djinni Fire Elementalist on July 10, 2023.
             Was the Champion of Makhleb.
             Killed by an exploding ball lightning (30 damage)
             ... on level 1 of the Snake Pit on July 11, 2023.
             The game lasted 02:39:08 (62074 turns).

Pepete the Tortoise (Djinni Fire Elementalist)     Turns: 62074, Time: 02:39:08

Health: -5/94      AC: 36    Str:  4    XL:     17   Next: 18%
Gold:   876        EV:  8    Int: 35    God:    Makhleb [******] SH:  5 Dex: 15

rFire   + + +        q - staff of conjuration
rCold   x . .        (no shield)
rNeg    . . .        P - +9 scale mail "Hassar" {Rampage Str-5 Int+3 Dex+2}
rPois   ∞            p - +2 helmet {Int+3}
rElec   .            E - +2 cloak of the Beginning {rC+ Str+3}
rCorr   .            w - +2 pair of gloves
SInv    .            (boots unavailable)
Will    +....        d - amulet of reflection
Stlth   +            i - ring of fire
HPRegen 0.35/turn    m - +4 ring of protection
MPRegen 0.00/turn

%: reflection, rampage, infuse magic (-6 HP)
@: flying, very slightly contaminated
A: sickness immunity, fire resistance 2, cold vulnerability 1, float, innate
caster, HP casting, extra vitality 1, clever 1
a: Renounce Religion, Minor Destruction, Lesser Servant of Makhleb, Major
Destruction, Greater Servant of Makhleb


You were on level 1 of the Snake Pit.
You worshipped Makhleb.
Makhleb was exalted by your worship.
You visited 5 branches of the dungeon, and saw 24 of its levels.
You also visited: Gauntlet.

You collected 2761 gold pieces.
You spent 1885 gold pieces at shops.

Inventory:

Hand Weapons
 v - the +8 glaive "Ekhist" {flame, rN+}
   (You bought it in a shop on level 2 of the Orcish Mines)

   rN:        It protects you from negative energy.
 z - the +9 lance "Wyrmbane" {slay drac, rPois rF+ rC+ AC+3}
   (You took it off Maggie on level 7 of the Dungeon)

   AC:        It affects your AC (+3).
   rF:        It protects you from fire.
   rC:        It protects you from cold.
   rPois:     It protects you from poison.
Missiles
 g - 4 throwing nets
 j - 14 curare-tipped darts
Armour
 p - a +2 helmet of intelligence (worn)
 w - a +2 pair of gloves (worn)
 D - a +2 cloak of stealth
 E - the +2 cloak of the Beginning (worn) {rC+ Str+3}
   (You bought it in a shop on level 13 of the Dungeon)

   Str:       It affects your strength (+3).
   rC:        It protects you from cold.
 P - the +9 scale mail "Hassar" (worn) {Rampage Str-5 Int+3 Dex+2}
   (You bought it in a shop on level 2 of the Orcish Mines)

   Str:       It affects your strength (-5).
   Int:       It affects your intelligence (+3).
   Dex:       It affects your dexterity (+2).
   Rampage:   It bestows one free step when moving towards enemies.
Magical Staves
 q - a staff of conjuration (weapon)
 G - a staff of earth
Jewellery
 b - a ring of positive energy
 c - a ring of ice
 d - an amulet of reflection (around neck)
 i - a ring of fire (left hand)
 m - a +4 ring of protection (right hand)
 s - a +5 ring of evasion
 I - a +6 ring of dexterity
 K - a +5 ring of evasion
 O - a ring of resist corrosion
Wands
 h - a wand of charming (9)
 k - a wand of flame (18)
 x - a wand of roots (7)
 y - a wand of polymorph (3)
 F - a wand of quicksilver (21)
 J - a wand of mindburst (6)
Scrolls
 f - 3 scrolls of teleportation
 l - 3 scrolls of fog
 n - a scroll of enchant weapon
 r - 2 scrolls of enchant armour
 u - 3 scrolls of fear
 C - 6 scrolls of identify
 H - a scroll of silence {unknown}
 M - a scroll of poison
Potions
 a - 2 potions of berserk rage
 e - 6 potions of might
 o - 2 potions of brilliance
 A - 2 potions of cancellation
 B - 7 potions of curing
 N - a potion of ambrosia {unknown}
Miscellaneous
 t - a lightning rod (4/4)


   Skills:
 * Level 20.4 Armour
 - Level 2.1 Dodging
 - Level 1.5 Stealth
 * Level 17.7 Spellcasting


You knew the following spells:

 Your Spells              Type           Power      Damage    Failure   Level
a - Foxfire               Conj/Fire      100%       2x1d9     0%          1
b - Scorch                Fire           100%       2d9       0%          2
c - Volatile Blastmotes   Fire/Tloc      100%       2d18      1%          3
d - Inner Flame           Hex/Fire       100%       N/A       1%          3
e - Flame Wave            Conj/Fire      100%       2d21      1%          4
f - Slow                  Hex            100%       N/A       0%          1
g - Wereblood             Tmut           100%       N/A       0%          2
h - Static Discharge      Conj/Air       100%       2-7/arc   0%          2
i - Summon Ice Beast      Ice/Summ       100%       N/A       1%          4
j - Animate Dead          Necr           100%       N/A       1%          4
k - Fireball              Conj/Fire      75%        3d28      1%          5
l - Iron Shot             Conj/Erth      62%        9d12      1%          6
m - Conjure Ball Lightni  Conj/Air       62%        3x3d22    1%          6
Your spell library was empty.

Dungeon Overview and Level Annotations

Branches:
Dungeon (15/15)            Temple (1/1) D:6            Lair (5/5) D:8
 Shoals (0/4) Lair:2        Snake (1/4) Lair:3        Slime (0/5) Lair:5
    Orc (2/2) D:9             Elf (0/3) Orc:2        Vaults (0/5) D:13
 Depths (0/4) D:15        Gauntlet (visited)

Altars:
Cheibriados
Dithmenos
Elyvilon
Fedhas
Gozag
Hepliaklqana
Makhleb
Okawaru
Qazlal
Ru
Trog
Wu Jian
Yredelemnul
Zin
The Shining One
Jiyva

Shops:
D:1 [   D:2 (?   D:4 [   D:10 *   D:12 (   D:13 [   Orc:2 [([(

Annotations:
Orc:2 2 transporters, quinnr's ghost, journeyman TeAE


Innate Abilities, Weirdness & Mutations

You are immune to sickness and miasma.
You are immune to poison.
Your flesh is very heat resistant. (rF++)
You are vulnerable to cold. (rC-)
You float through the air rather than walking.
You learn spells naturally, not from books.
Your magical power is your life essence.
You have superior vitality. (+4 MHP)
Your mind is acute. (Int +4, Str/Dex -1)


Message History

You feel a bit more experienced.
Your ball lightning explodes!
You hear a shout!
You start resting.
An anaconda comes into view.
An anaconda is nearby!
An anaconda is nearby!
Casting: Conjure Ball Lightning (dangerous; 1% risk of failure)
Confirm with . or Enter, or press ? or * to list all spells.
You feel a surge of power!
You miscast Conjure Ball Lightning.
You are very lightly contaminated with residual magic.
The wind whips around you.
The anaconda hisses angrily.
Casting: Conjure Ball Lightning (dangerous; 1% risk of failure)
Confirm with . or Enter, or press ? or * to list all spells.
You feel a surge of power!
You create some ball lightning! 3 ball lightnings come into view.
Casting: Conjure Ball Lightning (dangerous; 1% risk of failure)
Confirm with . or Enter, or press ? or * to list all spells.
A chill wind blows around you.
Your ball lightning explodes!
The blast of lightning engulfs your ball lightning.
Your ball lightning completely resists.
The blast of lightning engulfs the anaconda!!
The anaconda is heavily wounded.
The blast of lightning engulfs you!!!
Ouch! That really hurt!
* * * LOW HITPOINT WARNING * * *
The blast of lightning engulfs your ball lightning.
Your ball lightning completely resists.
Your ball lightning explodes!
The blast of lightning engulfs your ball lightning.
Your ball lightning completely resists.
The blast of lightning engulfs the anaconda!
The anaconda is severely wounded.
The blast of lightning engulfs your ice beast!!!
You kill your ice beast!
Your ice beast disappears in a puff of smoke!
The blast of lightning engulfs you!!
You die...

#......# #....# ##.!...#
#....# ##....# #...##
##...###...# ##...##...#
#...##.### #...#..##
###############......#
.........§@..#.......####
.........*..............#
........S.!§§...........#
~~~~~~....†.............#
~~~..~†)########..<.....#
~~~~$)~)# ###.....##
.~~~~..§# ...####
..~)~~.~. .#### ~..~~~.~.
#.


You could see an anaconda (ally target) and a friendly ball lightning.

Vanquished Creatures
  Jorgrun (D:14)
  Rupert (D:12)
  Frances (D:12)
  2 orc warlords
  An ettin (D:15)
  Josephine (D:10)
  Fannar (D:12)
  An ogre mage (D:15)
  4 hydras
  Erolcha (D:12)
  4 centaur warriors
  2 anacondas (Snake:1)
  A boulder beetle (D:12)
  6 two-headed ogres
  5 naga warriors (Snake:1)
  13 death yaks
  A tengu warrior (D:15)
  An orc high priest (Orc:2)
  Urug (D:11)
  Amaemon (D:8)
  A skyshark (Lair:5)
  A sea snake (Snake:1)
  A deep troll (D:14)
  A naga ritualist (Snake:1)
  5 deep elf pyromancers
  A wizard (D:15)
  A wolf spider (D:15)
  4 cyclopes
  4 orc sorcerers
  3 mana vipers (Snake:1)
  3 manticores
  8 ugly things (D:14)
  2 centaur zombies (D:8)
  11 elephants
  A guardian serpent (Snake:1)
  2 merfolk sirens (Lair:2)
  9 black mambas
  2 naga magi (Snake:1)
  7 cane toads
  A gargoyle (D:13)
  Maggie (D:7)
  2 centaur skeletons (D:8)
  An unseen horror (D:11)
  2 kobold demonologists (D:13)
  A rime drake (Lair:4)
  5 komodo dragons
  A yaktaur (D:12)
  A merfolk (Lair:2)
  A meliai (shapeshifter) (D:13)
  2 hellwings (D:7)
  2 polar bears
  4 trolls
  6 hornets (Lair:5)
  15 blink frogs
  6 dream sheep (Lair:4)
  5 slime creatures (D:14)
  3 shadows
  8 spriggans (Lair:5)
  A yak (shapeshifter) (D:13)
  5 basilisks
  A hog (shapeshifter) (D:14)
  3 wraiths (D:10)
  2 wyverns
  30 yaks
  2 steam dragons
  4 wargs (Orc:2)
  2 nagas (Lair:3)
  11 water moccasins
  An acid dragon (D:10)
  A warg (shapeshifter) (D:13)
  2 ice beasts (D:7)
  31 orc warriors
  3 black bears
  14 wolves
  3 centaurs
  5 ogres
  A boggart (Lair:5)
  2 phantoms (D:9)
  4 kobold brigands
  Blork the orc (D:4)
  A gnoll sergeant (Orc:1)
  8 bullfrogs
  A scorpion (Lair:2)
  5 wights (D:6)
  3 spriggan zombies (Lair:5)
  A polar bear zombie (Lair:5)
  A troll zombie (D:9)
  19 killer bees
  2 electric eels
  2 wolf zombies (Lair:5)
  7 howler monkeys
  2 gnoll boudas
  A jelly (Lair:5)
  A basilisk zombie (Lair:5)
  17 orc priests
  2 hounds
  Jessica (D:2)
  2 boggart zombies
  5 hell rats (Lair:3)
  3 iguanas
  17 orc wizards
  2 sleepcaps
  4 ogre zombies (D:9)
  4 adders
  10 gnolls
  6 shadow imps
  A white imp (D:6)
  An ufetubus (D:4)
  2 worms (D:5)
  5 dart slugs
  83 orcs
  11 bats
  18 endoplasms
  5 giant cockroaches
  10 goblins
  6 hobgoblins
  4 jackals
  22 kobolds
  2 quokkas
  7 ball pythons
  9 frilled lizards
  A goblin skeleton (D:9)
  A goblin zombie (D:9)
  A hobgoblin skeleton (D:9)
  A hobgoblin zombie (D:9)
  2 orc skeletons (D:9)
  8 orc zombies (D:9)
  2 rats
641 creatures vanquished.

Vanquished Creatures (collateral kills)
  A centaur warrior (D:13)
  A boulder beetle (Lair:2)
  A jorogumo (shapeshifter) (D:13)
  A catoblepas (Lair:3)
  A two-headed ogre (Orc:2)
  3 death yaks
  An orc high priest (Orc:2)
  Sonja (Lair:2)
  A sea snake (Snake:1)
  A necromancer (D:15)
  A deep elf pyromancer (D:15)
  An ugly thing (D:14)
  4 cyclopes
  2 orc sorcerers
  7 elephants
  A centaur zombie (D:8)
  4 black mambas
  4 cane toads
  An orange demon (D:7)
  2 komodo dragons
  A troll (D:13)
  A merfolk (Lair:2)
  2 polar bears (Lair:5)
  7 blink frogs
  A dream sheep (Lair:4)
  A slime creature (D:14)
  6 spriggans (Lair:5)
  3 wyverns
  A wraith (D:10)
  15 yaks
  A warg (Orc:2)
  2 acid dragons
  3 nagas (Lair:3)
  8 water moccasins
  8 orc warriors
  2 black bears
  An ogre (Orc:2)
  3 boggarts (Lair:5)
  10 wolves
  A phantom (D:9)
  2 kobold brigands
  5 bullfrogs
  A gnoll sergeant (D:9)
  6 killer bees
  A howler monkey (D:10)
  5 orc priests
  9 orc wizards
  An ogre zombie (D:9)
  A gnoll (D:9)
  28 orcs
  2 orc skeletons (D:9)
  4 orc zombies
  2 ball lightnings (Snake:1)
  44 foxfires
227 creatures vanquished.

Vanquished Creatures (others)
  2 death yak zombies (Lair:5)
  A two-headed ogre zombie (Orc:2)
  A hornet zombie (Lair:5)
  3 warg zombies (Orc:2)
  A polar bear zombie (Lair:5)
  4 wolf zombies (Lair:5)
  An ogre zombie (Orc:2)
  16 orc zombies
  8 ball lightnings (Snake:1)
  1610 foxfires
1647 creatures vanquished.

Grand Total: 2515 creatures vanquished

Notes
Turn   | Place    | Note
-------+----------+-------------------------------------------
     0 | D:1      | Pepete the Djinni Fire Elementalist began the quest for the
                  | Orb.
     0 | D:1      | Pepete set off with the following spells memorised:
                  | Foxfire, Scorch, Volatile Blastmotes, Inner Flame, Flame
                  | Wave.
     0 | D:1      | Reached XP level 1. HP: 15/15 MP: 0/0
   103 | D:1      | Reached skill level 1 in Armour
   103 | D:1      | Reached XP level 2. HP: 20/21 MP: 0/0
   136 | D:1      | Found Imoac's Antique Armour Shop.
   472 | D:1      | Reached XP level 3. HP: 21/25 MP: 0/0
   472 | D:1      | Learned a level 1 spell: Slow
  1139 | D:1      | Found a faded altar of an unknown god.
  1335 | D:2      | Found Onupux's Antique Weapon Shoppe.
  1342 | D:2      | Reached skill level 2 in Armour
  1621 | D:2      | Reached XP level 4. HP: 25/31 MP: 0/0
  1677 | D:2      | Found Pesh's Magic Scroll Shop.
  2013 | D:2      | Noticed Jessica
  2023 | D:2      | Killed Jessica
  2110 | D:2      | Reached XP level 5. HP: 33/35 MP: 0/0
  2110 | D:2      | Learned a level 2 spell: Wereblood
  3003 | D:3      | Reached skill level 3 in Armour
  4450 | D:4      | Reached XP level 6. HP: 33/40 MP: 0/0
  4975 | D:4      | Noticed an ogre
  4977 | D:4      | Reached skill level 4 in Armour
  4982 | D:4      | Killed an ogre
  5053 | D:4      | Noticed Blork the orc
  5061 | D:4      | Killed Blork the orc
  5062 | D:4      | Reached XP level 7. HP: 22/45 MP: 0/0
  5062 | D:4      | Learned a level 2 spell: Static Discharge
  5553 | D:4      | Found Moaxucs's Armour Shop.
  6361 | D:5      | Entered Level 5 of the Dungeon
  6374 | D:5      | Reached skill level 5 in Armour
  6809 | D:5      | Identified the +3 ring mail of the Game of Kings {Str+3
                  | Dex+2}
  7508 | D:6      | Reached skill level 5 in Spellcasting
  7517 | D:5      | Reached XP level 8. HP: 20/50 MP: 0/0
  8486 | D:5      | Gained mutation: Your mind is acute. (Int +4, Str/Dex -1)
                  | [potion of mutation]
  8631 | D:6      | Reached skill level 6 in Armour
 10150 | D:6      | Reached skill level 7 in Armour
 10160 | D:6      | Reached XP level 9. HP: 46/55 MP: 0/0
 10160 | D:6      | Learned a level 4 spell: Summon Ice Beast
 10296 | D:6      | Found a glowing silver altar of Zin.
 10298 | D:6      | Found an opulent altar of Gozag.
 10538 | D:6      | Found a staircase to the Ecumenical Temple.
 11341 | D:7      | Reached skill level 8 in Armour
 11598 | D:7      | Noticed Maggie
 11617 | D:7      | Killed Maggie
 12378 | D:8      | Noticed Amaemon
 12378 | D:8      | Noticed an orange demon
 12558 | Temple   | Entered the Ecumenical Temple
 12656 | Temple   | Became a worshipper of Makhleb the Destroyer
 12713 | D:8      | Noticed a hellwing
 12715 | D:8      | Noticed a hellwing
 13851 | D:7      | Killed a hellwing
 13852 | D:7      | Reached skill level 9 in Armour
 14228 | D:7      | Killed a hellwing
 14229 | D:7      | Reached XP level 10. HP: 35/60 MP: 0/0
 15563 | D:7      | Killed an orange demon
 17655 | D:7      | Reached skill level 10 in Armour
 18790 | D:8      | Found a staircase to the Lair.
 19206 | D:8      | Killed Amaemon
 19207 | D:8      | Reached skill level 11 in Armour
 19207 | D:8      | Reached XP level 11. HP: 44/65 MP: 0/0
 19207 | D:8      | Learned a level 4 spell: Animate Dead
 20797 | D:9      | Reached * piety under Makhleb
 22207 | D:9      | Reached skill level 12 in Armour
 23010 | D:9      | Found a staircase to the Orcish Mines.
 23882 | D:9      | Found a sacrificial altar of Ru.
 23889 | D:9      | Found a snail-covered altar of Cheibriados.
 23916 | D:9      | Found an ornate altar of the Wu Jian Council.
 23920 | D:9      | Found a stormy altar of Qazlal.
 24203 | D:9      | Found a basalt altar of Yredelemnul.
 24484 | D:9      | Reached ** piety under Makhleb
 24583 | D:10     | Entered Level 10 of the Dungeon
 25645 | D:10     | Reached skill level 10 in Spellcasting
 25750 | D:10     | Noticed Josephine
 25761 | D:10     | Killed Josephine
 27429 | D:10     | Found Foepn's Assorted Antiques.
 27583 | D:4      | Bought the +5 ring mail of Doitt {rC+ Will++ SInv} for 734
                  | gold pieces
 27948 | Lair:1   | Entered Level 1 of the Lair of Beasts
 27958 | Lair:1   | Reached XP level 12. HP: 57/70 MP: 0/0
 28694 | Lair:1   | Reached skill level 13 in Armour
 30537 | Lair:2   | Noticed a boulder beetle
 30544 | Lair:2   | Killed a boulder beetle
 30974 | Lair:2   | Noticed a seven-headed hydra
 30980 | Lair:2   | Noticed an eight-headed hydra
 30992 | Lair:2   | Killed a seven-headed hydra
 30994 | Lair:2   | Killed an eight-headed hydra
 30998 | Lair:2   | Reached skill level 14 in Armour
 31555 | Lair:2   | Noticed Sonja
 31564 | Lair:2   | Killed Sonja
 31955 | Lair:2   | Reached XP level 13. HP: 38/75 MP: 0/0
 31955 | Lair:2   | Learned a level 5 spell: Fireball
 32577 | Lair:2   | Noticed a five-headed hydra
 33493 | Lair:2   | Reached skill level 15 in Armour
 33497 | Lair:2   | Reached *** piety under Makhleb
 33977 | Lair:2   | Identified the +0 leather armour "Arecruzo" {rF+ rN++
                  | Str+5}
 34056 | Lair:2   | Killed a five-headed hydra
 34265 | Lair:2   | Found a staircase to the Shoals.
 35181 | Lair:3   | Found a staircase to the Snake Pit.
 35214 | Lair:3   | Noticed a catoblepas
 35227 | Lair:3   | Killed a catoblepas
 35608 | Lair:3   | Identified a scroll of acquirement
 35609 | Lair:3   | Acquired a manual of Spellcasting
 37613 | Lair:3   | Reached skill level 16 in Armour
 38309 | Lair:4   | Reached XP level 14. HP: 79/80 MP: 0/0
 38863 | Lair:4   | Found a snail-covered altar of Cheibriados.
 40165 | Lair:5   | Entered Level 5 of the Lair of Beasts
 40251 | Lair:5   | Found a gate leading to a gauntlet.
 40263 | Gauntlet | Entered a Gauntlet
 40263 | Gauntlet | Found a transporter.
 40514 | Gauntlet | Found a transporter.
 40515 | Gauntlet | Found a transporter.
 40528 | Gauntlet | Found a transporter.
 40531 | Gauntlet | Found a transporter.
 40535 | Gauntlet | Noticed a reaper
 40542 | Gauntlet | Found a transporter.
 40561 | Gauntlet | Found a transporter.
 40568 | Gauntlet | Noticed a dire elephant
 40571 | Gauntlet | Found a transporter.
 40583 | Gauntlet | Found a transporter.
 40589 | Gauntlet | Found the +3 Mad Mage's Maulers {Infuse+∞ VampMP -Cast}
 40605 | Gauntlet | Found a transporter.
 40617 | Gauntlet | Found a transporter.
 40619 | Gauntlet | Found a transporter.
 40663 | Gauntlet | Found a transporter.
 40680 | Gauntlet | Found a transporter.
 41039 | Lair:5   | Reached **** piety under Makhleb
 41455 | Lair:5   | Reached skill level 17 in Armour
 43063 | Lair:5   | Reached skill level 15 in Spellcasting
 44146 | Lair:5   | Reached ***** piety under Makhleb
 44147 | Lair:5   | Reached XP level 15. HP: 27/85 MP: 0/0
 44147 | Lair:5   | Learned a level 6 spell: Iron Shot
 44445 | Lair:5   | Found a staircase to the Slime Pits.
 44446 | Lair:5   | Found a viscous altar of Jiyva.
 45177 | Lair:5   | Reached skill level 18 in Armour
 46049 | D:11     | Identified the +12 whip of Sin {heavy, rCorr}
 46061 | D:11     | Noticed Urug
 46075 | D:11     | Killed Urug
 46779 | D:12     | Noticed Erolcha
 46782 | D:12     | Killed Erolcha
 46893 | D:12     | Noticed Rupert
 47452 | Orc:1    | Entered Level 1 of the Orcish Mines
 47859 | Orc:2    | Entered Level 2 of the Orcish Mines
 47873 | Orc:2    | Found a staircase to the Elven Halls.
 48823 | Orc:2    | Found a transporter.
 48828 | Orc:2    | Noticed quinnr's ghost (journeyman TeAE)
 48837 | Orc:2    | Found a transporter.
 49008 | Orc:2    | Noticed an orc warlord
 49023 | Orc:2    | Killed an orc warlord
 49051 | Orc:1    | You are sucked into a shaft and drop 1 floor!
 49077 | Orc:2    | Reached ****** piety under Makhleb
 49672 | Orc:2    | Found Egycoeg's Antique Armour Emporium.
 49676 | Orc:2    | Found Rimixuj's Antique Weapon Shoppe.
 49687 | Orc:2    | Bought a dazzling glaive for 310 gold pieces
 49687 | Orc:2    | Identified the +8 glaive "Ekhist" {flame, rN+} (You bought
                  | it in a shop on level 2 of the Orcish Mines)
 49693 | Orc:2    | Bought a glowing cloak for 165 gold pieces
 50194 | Orc:2    | Found Oxiteme's Antique Armour Shoppe.
 50199 | Orc:2    | Bought a pair of runed gloves for 195 gold pieces
 50199 | Orc:2    | Bought a faintly glowing scale mail for 234 gold pieces
 50199 | Orc:2    | Identified the +9 scale mail "Hassar" {Rampage Str-5 Int+3
                  | Dex+2} (You bought it in a shop on level 2 of the Orcish
                  | Mines)
 51165 | Orc:2    | Found Pasut's Weapon Shop.
 51753 | Orc:1    | Noticed an orc warlord
 52642 | Orc:1    | Killed an orc warlord
 53257 | D:12     | Noticed Frances
 53259 | D:12     | Noticed Fannar
 53263 | D:12     | Killed Fannar
 53263 | D:12     | Killed Frances
 53267 | D:12     | Reached XP level 16. HP: 69/90 MP: 0/0
 53751 | D:12     | Reached skill level 19 in Armour
 54097 | D:12     | Found Xecwezisu's Antique Weapon Shop.
 54345 | D:12     | Paralysed by Rupert for 5 turns
 54351 | D:12     | Killed Rupert
 54721 | D:12     | Found an opulent altar of Gozag.
 55252 | D:13     | Found a gate to the Vaults.
 56191 | D:13     | Found Dederph's Antique Armour Shoppe.
 56196 | D:13     | Bought a warped cloak for 247 gold pieces
 56196 | D:13     | Identified the +2 cloak of the Beginning {rC+ Str+3} (You
                  | bought it in a shop on level 13 of the Dungeon)
 57509 | D:14     | Noticed Jorgrun
 57513 | D:14     | Killed Jorgrun
 58706 | D:14     | Found a hazy altar of Hepliaklqana.
 58868 | D:15     | Entered Level 15 of the Dungeon
 59863 | D:15     | Reached skill level 20 in Armour
 60270 | D:15     | Found a staircase to the Depths.
 61264 | Snake:1  | Entered Level 1 of the Snake Pit
 61590 | Snake:1  | Reached XP level 17. HP: 87/94 MP: 0/0
 61590 | Snake:1  | Learned a level 6 spell: Conjure Ball Lightning
 62074 | Snake:1  | Killed by an exploding ball lightning

Illustrated notes

Levels and vault maps discovered:
D:1:      doesnt_arrival_eight_statues, layout_basic, serial_shops, shop,
          hellmonk_ecumenical_altar_zigzags
D:2:      minmay_razor_zed, layout_basic, serial_shops, shop,
          nicolae_square_shop, uniq_jessica
D:3:      layout_loops_corners, minmay_fractal_squares_gapless_5
D:4:      layout_loops_ring, serial_shops, shop, uniq_blork_the_orc
D:5:      layout_basic
D:6:      layout_basic, grunt_temple_overflow_gold_and_silver,
          minmay_temple_entry_hall
D:7:      layout_loops_ring, nrook_pool_corridor, uniq_maggie
D:8:      cheibrodos_grave_circle, layout_cave_pools, lair_entry_dummy,
          uniq_amaemon
D:9:      layout_basic, nicolae_overflow_hallway_of_the_gods, zombieorc1_lemuel
D:10:     layout_irregular_city, serial_shops, kennysheep_mini, uniq_josephine
D:11:     layout_basic, uniq_urug
D:12:     layout_long_grid, serial_shops, shop, nrook_loot_triangle,
          nicolae_gozag_cash_rules_everything_around_me, uniq_rupert,
          uniq_fannar, uniq_frances, uniq_erolcha
D:13:     layout_cave_pods, david_vaults_2, serial_shops,
          nicolae_shop_hallway_plus, kennysheep_potato
D:14:     layout_layer_cave, minmay_misc_feat_columns,
          nzn_hepliaklqana_mist_gate, uniq_jorgrun
D:15:     hangedman_depths_entry_civil_slaughter, layout_rooms,
          grunt_ministairs_15
Temple:   bh_familiar_temple
Lair:1:   layout_roguey, serial_bayou_pond_c, chequers_serial_rivers_large_b,
          minmay_holes
Lair:2:   nzn_winding_woodlands_stair_cross
          [nzn_winding_woodlands_5x15_pathside_ponds,
          nzn_winding_woodlands_center_pierced_h,
          nzn_winding_woodlands_5x15_crooked, nzn_winding_woodlands_5x5_three,
          nzn_winding_woodlands_5x5_perimeter,
          nzn_winding_woodlands_5x15_pockets,
          nzn_winding_woodlands_center_lodge, nzn_winding_woodlands_5x15_pool],
          layout_misc_corridors, elwin_shoals_entry_stream,
          lightli_volcano_entry_magma_tube, uniq_sonja
Lair:3:   layout_chaotic_city, minmay_snake_entry_guardpost_medium
Lair:4:   layout_long_grid, basic_altar, nicolae_quartered_pool_medium
Lair:5:   minmay_lair_end_enchanted_forest, layout_hall_layers,
          nicolae_slime_entry_slimehenge, serial_forest,
          infiniplex_forest_lined_2, infiniplex_forest_side_room,
          infiniplex_forest_lined_3, infiniplex_forest_clump_small,
          infiniplex_forest_clump_diagonal, infiniplex_forest_split,
          infiniplex_forest_corner_1, infiniplex_forest_straight_3,
          gauntlet_entry_generic
Snake:1:  layout_grid_shapes, serial_shops, nicolae_shop_back_alley_shop,
          st_stairs_1, guppyfry_snake_island
Orc:1:    layout_diamond_mine, statue_in_the_mist_lemuel, sword_in_stone
Orc:2:    grunt_orc_community_town_hall, layout_caves,
          grunt_orc_community_big_house_1, grunt_orc_community_big_house_2,
          grunt_orc_community_house_1, grunt_orc_community_house_1,
          grunt_orc_community_house_2, grunt_orc_community_house_2,
          gammafunk_ghost_berserking_beasts

Skill      XL: |  1  2  3  4  5  6  7  8  9 10 11 12 13 14 15 16 |
---------------+-------------------------------------------------+-----
Armour         | 1 2 3 4 5 7 9 11 12 14 16 17 18 20 | 20.4
Spellcasting   | 3 4 5 6 7 9 10 11 13 15 16 17 | 17.7
Dodging        | |  2.1
Stealth        | |  1.5

Action                     |  1- 3 |  4- 6 |  7- 9 | 10-12 | 13-15 | 16-18 || total
---------------------------+-------+-------+-------+-------+-------+-------++-------
  Melee: Unarmed           |       |     1 |       |       |       |       ||     1
         Lance             |       |       |       |     1 |    11 |     4 ||    16
   Cast: Foxfire           |   116 |   148 |   117 |   214 |   289 |   119 ||  1003
         Scorch            |     4 |    26 |    99 |   282 |   395 |    48 ||   854
         Volatile Blastmot |       |       |    11 |     5 |    19 |       ||    35
         Summon Ice Beast  |       |       |     7 |    75 |   128 |    33 ||   243
         Animate Dead      |       |       |       |     2 |     8 |       ||    10
         Fireball          |       |       |       |       |   104 |    46 ||   150
         Flame Wave        |       |       |       |       |    19 |    14 ||    33
         Iron Shot         |       |       |       |       |    48 |    40 ||    88
         Conjure Ball Ligh |       |       |       |       |       |     5 ||     5
    Use: Scroll            |       |       |    11 |     7 |    11 |     2 ||    31
         Potion            |       |       |    12 |     1 |     9 |       ||    22
 Armour: Robe              |     5 |    10 |     4 |       |       |       ||    19
         Ring mail         |       |       |    55 |   158 |   131 |       ||   344
         Plate armour      |       |       |       |       |    32 |       ||    32
         Scale mail        |       |       |       |       |     2 |    37 ||    39
  Dodge: Dodged            |     2 |    22 |    71 |   229 |    98 |    10 ||   432
  Block: Other             |     1 |    14 |    32 |    70 |    45 |     9 ||   171
         Reflection        |       |     1 |     1 |     1 |     3 |       ||     6
